 Dungeon Crawl Stone Soup version 0.18-a0-1120-g03bd624 (webtiles) character file.

779 ThermosAquaticus the Carver (level 7, -1/69 HPs)
             Began as a High Elf Abyssal Knight on Jan 17, 2016.
             Was an Elder of Lugonu.
             Slain by a mottled dragon (3 damage)
             ... on level 6 of the Dungeon.
             The game lasted 00:28:08 (5527 turns).

ThermosAquaticus the Carver (HEAK)                  Turns: 5527, Time: 00:28:09

Health: -1/69      AC: 23    Str: 11    XL:     7   Next: 54%
Magic:  11/11      EV:  2    Int: 19    God:    Lugonu [****..]
Gold:   260        SH:  3    Dex: 17    Spells: 0 memorised, 6 levels left

rFire  . . .     SeeInvis .     a - +1 falchion
rCold  . . .     Gourm    .     (armour currently unavailable)
rNeg   + + +     Faith    .     (no shield)
rPois  +         Spirit   .     (helmet currently unavailable)
rElec  .         Dismiss  .     (cloak currently unavailable)
rCorr  .         Reflect  +     (gloves currently unavailable)
SustAt .         Harm     .     (boots currently unavailable)
MR     .....     NoTele   +     y - +3 amulet of reflection
Stlth  +.........               x - +3 ring of dexterity
                                f - ring of poison resistance

@: liquid flames, tree-form, glowing, not resistant to hostile enchantments,
very unstealthy
A: no striking features
a: Depart the Abyss, Bend Space, Banish, Corrupt, Renounce Religion


You were on level 6 of the Dungeon.
You worshipped Lugonu.
Lugonu was greatly pleased with you.
You were not hungry.
You were a tree.
You visited 1 branch of the dungeon, and saw 6 of its levels.
You visited the Abyss 1 time.

You collected 260 gold pieces.

Inventory:

Hand Weapons
 a - a +1 falchion (weapon)
 w - a +0 scimitar
Armour
 b - a +0 leather armour
 e - a +1 helmet (melded)
 C - a +0 ring mail (melded)
Jewellery
 f - a ring of poison resistance (left branch)
 x - a +3 ring of dexterity (right branch)
 y - a +3 amulet of reflection (around neck)
Scrolls
 d - 4 scrolls of teleportation
 k - 4 scrolls of enchant armour
 m - 4 scrolls of remove curse
 t - a scroll of random uselessness {unknown}
 u - a scroll of fear {unknown}
 v - a scroll of enchant weapon {unknown}
 B - 2 scrolls of recharging {unknown}
 D - a scroll of identify
Potions
 g - a potion of resistance {unknown}
 h - 3 potions of mutation
 i - a potion of lignification
 n - a potion of cancellation
 p - a potion of agility
 s - 2 potions of might
 A - a potion of haste
Comestibles
 c - 4 bread rations
 j - 3 chunks of flesh
 o - 3 meat rations
 q - a royal jelly
 r - a slice of pizza


   Skills:
 - Level 3.0 Fighting
 + Level 8.6 Long Blades
 - Level 0.8 Armour
 + Level 3.4 Dodging
 - Level 4.9 Invocations


You had 6 spell levels left.
You didn't know any spells.

Dungeon Overview and Level Annotations

Branches:
Dungeon (6/15)             Temple (0/1) D:4

Altars:
Pakellas
Ru

Annotations:
D:2 Terence
D:4 Eustachio, Grinder
D:5 2 runed doors
Abyss:1 Prince Ribbit


Message History

You hit the mottled dragon.
The mottled dragon is severely wounded.
You are covered in liquid flames!
* * * LOW HITPOINT WARNING * * *
You closely miss the mottled dragon.
The mottled dragon is severely wounded.
You are covered in liquid flames!
* * * LOW HITPOINT WARNING * * *
The mottled dragon breathes sticky fire at you.
The sticky flame hits you!
You are covered in liquid flames!
The adder bites you but does no damage.
You slash the mottled dragon!
The mottled dragon is almost dead.
You are covered in liquid flames!
* * * LOW HITPOINT WARNING * * *
The mottled dragon bites you!
* * * LOW HITPOINT WARNING * * *
The mottled dragon claws you.
You die...

................#**,,,** ***,,*
.############...#*,,,,,***,,,,*
.'..#########...#,,,,,,,**,,,,*
.#..........#...#,,,,,,,*,,,,,*
.#..........#..<#,,,,,,,*,,,,**
.#..........#...#*,,,,,**,,,,*
.#..........'...#**,,,***,,***
.#....).....##..########*,**
##..........##.D♣S......,,*
#..........##.######...,**
#############.#,,,**,,,,*****
*#)#,,,**,,,,,,,,*
#......D..*,,,,,,*
#.........,>,,,,,*
#.........,,,,,,,*
##'######.,,,,,,,*
#.#*****+*,******


You could see a mottled dragon and an adder.

Vanquished Creatures
  A giant frog (D:6)
  A scorpion (D:6)
  A crimson imp (D:5)
  A hound (D:5)
  2 orc priests (D:5)
  An iguana (D:5)
  A worker ant (D:4)
  A hound zombie (D:6)
  A hound skeleton (D:5)
  Robin (D:2)
  10 gnolls
  9 adders
  An ooze (D:1)
  An adder zombie (D:6)
  A worm (D:2)
  3 giant geckos
  10 orcs
  6 giant cockroaches
  21 goblins
  10 hobgoblins
  13 jackals
  8 kobolds
  3 ball pythons
  13 bats
  A giant gecko skeleton (D:5)
  5 giant newts
  A jackal skeleton (D:5)
  9 rats
136 creatures vanquished.

Vanquished Creatures (others)
  A centaur (D:5)
1 creature vanquished.

Grand Total: 137 creatures vanquished

Notes
Turn   | Place    | Note
--------------------------------------------------------------
     0 | Abyss:1  | ThermosAquaticus the High Elf Abyssal Knight began the quest for the Orb.
     0 | Abyss:1  | Reached XP level 1. HP: 16/16 MP: 3/3
    14 | Abyss:1  | Noticed a small abomination
    16 | D:1      | Escaped the Abyss
   329 | D:1      | Reached XP level 2. HP: 21/21 MP: 4/4
   344 | D:1      | Reached * piety under Lugonu
   532 | D:1      | Reached skill level 4 in Long Blades
   801 | D:2      | Reached XP level 3. HP: 23/26 MP: 5/5
  1050 | D:2      | Noticed Robin
  1091 | D:2      | Reached ** piety under Lugonu
  1095 | D:2      | Reached skill level 5 in Long Blades
  1125 | D:2      | Killed Robin
  1203 | D:2      | Reached XP level 4. HP: 10/31 MP: 6/6
  1598 | D:2      | Found an oddly glowing altar of Pakellas.
  1952 | D:2      | Reached skill level 6 in Long Blades
  2263 | D:2      | Noticed Terence
  2396 | D:3      | Reached *** piety under Lugonu
  2396 | D:3      | Reached XP level 5. HP: 23/36 MP: 7/7
  2591 | D:3      | Found a sacrificial altar of Ru.
  3074 | D:4      | Noticed Eustachio
  3292 | D:4      | Found a staircase to the Ecumenical Temple.
  3426 | D:4      | Noticed Grinder
  3427 | D:4      | Paralysed by Grinder for 6 turns
  3438 | D:4      | Paralysed by Grinder for 2 turns
  3644 | D:5      | Entered Level 5 of the Dungeon
  3654 | D:5      | Found an oddly glowing altar of Pakellas.
  3750 | D:5      | Reached skill level 7 in Long Blades
  3877 | D:5      | Reached XP level 6. HP: 37/42 MP: 9/9
  3891 | D:5      | Found a runed door.
  3905 | D:5      | Found a runed door.
  5106 | D:6      | Noticed Prince Ribbit
  5114 | D:6      | Banished Prince Ribbit
  5114 | D:6      | Reached skill level 8 in Long Blades
  5114 | D:6      | Reached XP level 7. HP: 41/46 MP: 11/11
  5128 | D:6      | Found a sand-covered staircase.
  5506 | D:6      | Reached **** piety under Lugonu
  5527 | D:6      | HP: 2/69 [mottled dragon (7)]
  5527 | D:6      | Slain by a mottled dragon

Vault maps used:
D:1:      dpeg_arrival_pits
D:2:      kennysheep_goblin_castle, grunt_ministairs_8, serial_bayou_pond_b,
          grunt_pakellas_sulfur, uniq_terence, uniq_robin
D:3:      lemuel_crystal_altar, first_bread, minmay_cupped
D:4:      minmay_temple_entry_mist, uniq_eustachio, uniq_grinder,
          uniq_crazy_yiuf_cottage
D:5:      lemuel_insect_pit, lemuel_doored_altar
D:6:      minmay_opposing_rooms, lightli_ossuary_entry_decrepit_ruins,
          serial_shops, shop, uniq_prince_ribbit1

Action                   |  1- 3 |  4- 6 |  7- 9 || total
-------------------------+-------+-------+-------++-------
Melee: Falchion          |   131 |   356 |    74 ||   561
Invok: Depart the Abyss  |     1 |       |       ||     1
       Banish            |       |     4 |     1 ||     5
  Use: Scroll            |     5 |    10 |       ||    15
       Potion            |     2 |       |     3 ||     5
 Stab: Sleeping          |     1 |     3 |       ||     4
  Eat: Chunk             |     1 |    14 |     3 ||    18
